 Dungeon Crawl Stone Soup version 0.32-a0-699-g1ee5eff69a (webtiles) character file.

Game seed: 5893110745069160798

1712 BeKind the Chiller (level 9, -2/51 HPs)
             Began as an Octopode Ice Elementalist on Mar 14, 2024.
             Was an Initiate of Hepliaklqana.
             Slain by an elf zombie (3 damage)
             ... in an ossuary.
             The game lasted 00:12:13 (4638 turns).

BeKind the Chiller (Octopode Ice Elementalist)      Turns: 4638, Time: 00:12:13

Health: -2/51      AC:  1    Str:  7    XL:     9   Next: 4%
Magic:  15/15      EV: 13    Int: 22    God:    Hepliaklqana [......]
Gold:   161        SH:  5    Dex: 12    Spells: 9/17 levels left

rFire   x . .        b - +3 spear (flame)
rCold   + . .        f - +0 buckler
rNeg    . . .        (helmet restricted)
rPois   .            i - amulet of magic regeneration
rElec   .            o - ring of see invisible
rCorr   .            r - ring of ice
SInv    +            (no ring)
Will    .....        (no ring)
Stlth   +++          (no ring)
HPRegen 0.28/turn    (no ring)
MPRegen 0.54/turn    (no ring)
                     (no ring)

%: no passive effects
@: marked
A: almost no armour, amphibious, 8 rings, camouflage 1, gelatinous body 1,
(nimble swimmer 1), tentacles
a: Renounce Religion


You were in an ossuary.
You worshipped Hepliaklqana.
Hepliaklqana was noncommittal.
You visited 2 branches of the dungeon, and saw 7 of its levels.
You also visited: Ossuary.

You collected 161 gold pieces.

Inventory:

Hand Weapons
 b - a +3 spear of flaming (weapon)
 d - a +0 dagger
Armour
 f - a +0 buckler (worn)
Magical Staves
 l - a staff of cold
Jewellery
 i - an amulet of magic regeneration (around mantle)
 o - a ring of see invisible (left tentacle)
 r - a ring of ice (right tentacle)
Wands
 p - a wand of digging (3)
Scrolls
 g - a scroll of enchant armour
 k - 3 scrolls of amnesia
 m - a scroll of poison
 n - a scroll of noise {unknown}
 q - a scroll of teleportation
 s - 2 scrolls of identify
 t - a scroll of immolation {unknown}
Potions
 a - a potion of magic
 e - a potion of curing
 h - 2 potions of lignification
 j - a potion of invisibility {unknown}
 u - a potion of enlightenment {unknown}
 v - a potion of mutation {unknown}


   Skills:
 + Level 3.7 Polearms
 + Level 4.9 Dodging
 - Level 3.0 Stealth
 + Level 4.9 Shields
 + Level 4.6 Spellcasting
 + Level 4.1 Summonings
 + Level 6.0 Ice Magic


You had 9 spell levels left.
You knew the following spells:

 Your Spells              Type           Power      Damage    Failure   Level
a - Freeze                Ice            100%       1d10      1%          1
b - Summon Small Mammal   Summ           92%        N/A       3%          1
c - Frozen Ramparts       Ice            94%        1d15      4%          3
d - Summon Ice Beast      Ice/Summ       41%        N/A       6%          3

Your spell library contained the following spells:

 Spells                   Type           Power      Damage    Failure   Level
 Ozocubu's Armour         Ice            47%        N/A       4%          3
 Apportation              Tloc           10%        N/A       16%         1
 Necrotise                Necr           20%        1d5       16%         1
 Sting                    Conj/Alch      20%        1d4       16%         1
 Blink                    Tloc           10%        N/A       24%         2
 Lesser Beckoning         Tloc           10%        N/A       24%         2
 Momentum Strike          Conj/Tloc      10%        3d8       24%         2
 Dazzling Flash           Conj/Hex       10%        N/A       43%         3
 Starburst                Conj/Fire      2%         6d3       100%        6
 Maxwell's Capacitive Co  Air            2%         ∞         100%        8


Dungeon Overview and Level Annotations

Branches:
Dungeon (6/15)             Temple (1/1) D:4         Ossuary (1/1)

Altars:
Ashenzari
Cheibriados
Dithmenos
Elyvilon
Fedhas
Gozag
Hepliaklqana
Kikubaaqudgha
Makhleb
Nemelex Xobeh
Okawaru
Qazlal
Sif Muna
Uskayaw
Wu Jian
Xom
Yredelemnul
Zin
The Shining One

Annotations:
D:3 Grinder, Ijyb


Innate Abilities, Weirdness & Mutations

You cannot wear most types of armour.
You are amphibious.
You can wear up to eight rings at the same time.
Your skin changes colour to match your surroundings (Stealth+).
Your rubbery body absorbs attacks. (AC +1, EV +1)
((You are camouflaged when in or above water. (Stealth+)))
You have tentacles for arms and can constrict up to eight enemies at once.


Message History

Aim: an elf zombie (almost destroyed, about 39% to evade your +3 spear of flaming)
You closely miss the elf zombie. You grab the elf zombie.
You squeeze the elf zombie.
The elf zombie is almost destroyed.
You constrict the elf zombie.
Your ice beast hits the elf zombie.
Your ice beast freezes the elf zombie.
The elf zombie resists.
Reach: b) +3 spear (flame)
Press: ? - help, Dir - move target, f/p - elf zombie
Aim: an elf zombie (almost destroyed, constricted by you, about 6% to evade your +3 spear of flaming)
You hit the elf zombie. You burn the elf zombie.
You destroy the elf zombie!
Your ice beast hits the elf zombie.
Your ice beast freezes the elf zombie.
The elf zombie resists.
Your Ice Magic skill increases to level 6!
You have reached level 9!
Your experience leads to an increase in your attributes!
Increase (S)trength, (I)ntelligence, or (D)exterity?
You feel clever. x2
Reach: b) +3 spear (flame)
Press: ? - help, Dir - move target, f - elf zombie
Aim: an elf zombie (severely damaged, about 39% to evade your +3 spear of flaming)
Okay, then.
Reach: b) +3 spear (flame)
Press: ? - help, Dir - move target, f - elf zombie
Aim: an elf zombie (severely damaged, about 39% to evade your +3 spear of flaming)
You puncture the elf zombie! You burn the elf zombie.
Your grab misses the elf zombie.
The elf zombie is severely damaged.
The elf zombie hits your ice beast. The elf zombie hits you.
* * * LOW HITPOINT WARNING * * *
Reach: b) +3 spear (flame)
Press: ? - help, Dir - move target, f/p - elf zombie
Aim: an elf zombie (severely damaged, about 39% to evade your +3 spear of flaming)
You barely miss the elf zombie. Your grab misses the elf zombie.
The elf zombie is severely damaged.
Your ice beast hits the elf zombie.
Your ice beast freezes the elf zombie.
The elf zombie resists.
The elf zombie hits your ice beast. The elf zombie hits you.
You die...
Hepliaklqana delivers you to your ancestors.

#...#.......# #...#
#...#.......# #...#
#...#.....Z.####.#...#
#...#....Z§M.....#...#
#...# #..# #...# #...#
#.Z# #...# #...# #..#
#...#
#...######.Z######...#
#..........YZ@.......#
#........ß..ß........#
#....................#
#....................#
######################


You could see 2 elf zombies and a friendly ice beast (summoned).

Vanquished Creatures
  Menkaure (D:4)
  Edmund (D:6)
  Blork the orc (D:4)
  An elf zombie (Ossuary)
  2 scorpions
  3 bombardier beetles
  2 human zombies (Ossuary)
  2 hounds
  A jelly (D:4)
  A gnoll bouda (D:5)
  An orc wizard (D:5)
  Natasha (D:3)
  3 iguanas
  4 hound zombies (Ossuary)
  2 mummies (Ossuary)
  5 gnolls
  4 adders
  4 adder zombies (Ossuary)
  3 ribbon worms (D:2)
  5 dart slugs
  4 orcs
  5 bats
  8 endoplasms
  2 giant cockroaches
  A gnoll zombie (Ossuary)
  14 goblins
  3 hobgoblins
  4 kobolds
  2 quokkas
  5 ball pythons
  4 frilled lizards
  2 jackal zombies (Ossuary)
  A kobold zombie (Ossuary)
  5 orc zombies (Ossuary)
  3 rats
110 creatures vanquished.

Vanquished Creatures (collateral kills)
  Sigmund (D:4)
  A kobold brigand (D:4)
  A scorpion (D:5)
  A human zombie (Ossuary)
  Crazy Yiuf (D:5)
  2 bombardier beetles
  2 orc priests
  Robin (D:2)
  3 gnolls
  An adder (D:5)
  2 adder zombies (Ossuary)
  A ribbon worm (D:4)
  2 orcs (D:4)
  3 goblins
  A hobgoblin (D:2)
  A gnoll zombie (Ossuary)
  A jackal zombie (Ossuary)
  A kobold (D:1)
  3 kobold zombies (Ossuary)
  An orc zombie (Ossuary)
30 creatures vanquished.

Grand Total: 140 creatures vanquished

Notes
Turn   | Place    | Note
-------+----------+-------------------------------------------
     0 | D:1      | BeKind the Octopode Ice Elementalist began the quest for
                  | the Orb.
     0 | D:1      | Reached XP level 1. HP: 11/11 MP: 3/3
   140 | D:1      | Reached XP level 2. HP: 17/17 MP: 3/5
   389 | D:1      | Learned a level 1 spell: Summon Small Mammal
   898 | D:2      | Reached XP level 3. HP: 17/21 MP: 0/6
   972 | D:2      | Reached skill level 1 in Shields
  1180 | D:2      | Noticed Robin
  1278 | D:2      | You fall into a shaft and drop 2 floors!
  1285 | D:3      | Noticed Natasha
  1292 | D:3      | Killed Natasha
  1293 | D:3      | Reached XP level 4. HP: 27/27 MP: 4/7
  1331 | D:3      | Reached skill level 1 in Summonings
  1377 | D:3      | Noticed Ijyb
  1697 | D:2      | Learned a level 3 spell: Frozen Ramparts
  1827 | D:2      | Reached XP level 5. HP: 29/31 MP: 8/8
  1856 | D:2      | Learned a level 3 spell: Summon Ice Beast
  2033 | D:2      | Killed Robin
  2522 | D:3      | Noticed Grinder
  2525 | D:3      | Paralysed by Grinder for 2 turns
  2530 | D:3      | Paralysed by Grinder for 4 turns
  2540 | D:3      | Paralysed by Grinder for 3 turns
  2547 | D:3      | Paralysed by Grinder for 4 turns
  2632 | D:4      | Noticed a kobold brigand
  2662 | D:4      | Killed a kobold brigand
  2663 | D:4      | Reached XP level 6. HP: 26/36 MP: 7/10
  2903 | D:4      | Reached skill level 1 in Polearms
  2975 | D:4      | Noticed Menkaure
  2989 | D:4      | Killed Menkaure
  2990 | D:4      | Reached XP level 7. HP: 25/41 MP: 8/11
  3072 | D:4      | Noticed Blork the orc
  3082 | D:4      | Killed Blork the orc
  3083 | D:4      | Reached skill level 5 in Ice Magic
  3219 | D:4      | Noticed Sigmund
  3226 | D:4      | Killed Sigmund
  3329 | D:4      | Found a staircase to the Ecumenical Temple.
  3422 | D:4      | Reached XP level 8. HP: 44/46 MP: 13/13
  3475 | Temple   | Entered the Ecumenical Temple
  3487 | Temple   | Became a worshipper of Hepliaklqana the Forgotten
  3516 | D:5      | Entered Level 5 of the Dungeon
  4056 | D:5      | Found a runed translucent door.
  4057 | D:5      | Noticed Crazy Yiuf
  4323 | D:5      | Killed Crazy Yiuf
  4378 | D:6      | Noticed Edmund
  4391 | D:6      | Killed Edmund
  4410 | D:6      | Found a sand-covered staircase.
  4421 | Ossuary  | Entered an ossuary
  4637 | Ossuary  | Reached skill level 6 in Ice Magic
  4637 | Ossuary  | Reached XP level 9. HP: 7/51 MP: 15/15
  4637 | Ossuary  | HP: 1/51 [elf zombie (6)]
  4638 | Ossuary  | Slain by an elf zombie

Illustrated notes

Levels and vault maps discovered:
D:1:      dpeg_arrival_shelter, layout_basic, minmay_misc_feat_doors
D:2:      layout_loops_ring, uniq_robin
D:3:      minmay_chambers_of_threes, layout_loops_ring,
          ebering_dispersal_statue_hall, uniq_grinder, uniq_natasha, uniq_ijyb
D:4:      minmay_opposing_rooms, layout_rooms, minmay_temple_entry_trees,
          uniq_menkaure, uniq_blork_the_orc, uniq_sigmund
D:5:      layout_basic, uniq_crazy_yiuf_cottage
D:6:      minmay_flawed_box, layout_cave_pools, minitemple, enter_ossuary_5,
          uniq_edmund, uniq_pikel
Temple:   nicolae_temple_bog_church
Ossuary:  ossuary_tomb_1

Skill      XL: |  1  2  3  4  5  6  7  8 |
---------------+-------------------------+-----
Stealth        | 3 |  3.0
Shields        | 1 2 3 4 |  4.9
Summonings     | 1 2 3 4 |  4.1
Dodging        | 3 4 |  4.9
Spellcasting   | 3 4 |  4.6
Polearms       | 1 2 3 |  3.7
Ice Magic      | 5 6 |  6.0

Action                     |  1- 3 |  4- 6 |  7- 9 || total
---------------------------+-------+-------+-------++-------
  Melee: Unarmed           |     5 |       |       ||     5
         Constrict         |     8 |    13 |    27 ||    48
         Dagger            |    18 |    20 |       ||    38
         Tentacles         |     5 |    13 |    24 ||    42
         Spear             |       |    57 |   104 ||   161
   Cast: Freeze            |    27 |     4 |     3 ||    34
         Summon Small Mamm |    14 |    12 |     2 ||    28
         Summon Ice Beast  |       |     8 |    15 ||    23
         Frozen Ramparts   |       |     2 |    10 ||    12
    Use: Potion            |     1 |     3 |     1 ||     5
         Scroll            |       |     1 |     5 ||     6
   Stab: Sleeping          |     2 |     9 |     7 ||    18
         Distracted        |       |       |     1 ||     1
 Armour: Skin              |    16 |    33 |    47 ||    96
  Dodge: Dodged            |    24 |    36 |    35 ||    95
  Block: Buckler           |       |     5 |     8 ||    13

Table legend: (Time is in decaauts)
 A = Elapsed time spent in this place.
 B = Non-inter-level travel time spent in this place.
 C = Inter-level travel time spent in this place.
 D = Time resting spent in this place.
 E = Time spent auto-exploring this place.
 F = Levels seen in this place.
 G = Mean time per level.
                   A        B        C        D        E       F      G
               +--------+--------+--------+--------+--------+-----+--------+
         Total |   4652 |   4355 |    297 |    226 |   3165 |   8 |  581.5 |
       Dungeon |   4407 |   4136 |    271 |    226 |   3068 |   6 |  734.5 |
        Temple |     28 |      2 |     26 |      0 |      0 |   1 |   28.0 |
       Ossuary |    216 |    216 |      0 |      0 |     97 |   1 |  216.0 |
               +--------+--------+--------+--------+--------+-----+--------+

Top non-repeatable levels by time:
     D:2: 1405 daAuts
     D:4: 928 daAuts
     D:1: 921 daAuts
     D:5: 858 daAuts
     D:3: 246 daAuts
 Ossuary: 216 daAuts
     D:6: 46 daAuts
  Temple: 28 daAuts
